 Dungeon Crawl Stone Soup version 0.29-a0-330-g52719c12eb (webtiles) character file.

Game seed: 17170000918484040644

1211 sanka the Ruffian (level 8, -5/67 HPs)
             Began as a Gnoll Cinder Acolyte on May 9, 2022.
             Was a High Priest of Ignis.
             Slain by a lemure (7 damage)
             ... led by Pikel
             ... on level 4 of the Dungeon.
             The game lasted 00:07:29 (5490 turns).

sanka the Ruffian (Gnoll Cinder Acolyte)            Turns: 5490, Time: 00:07:30

Health: -5/67      AC:  7    Str: 14    XL:     8   Next: 46%
Magic:  14/14      EV: 12    Int: 13    God:    Ignis [*****.]
Gold:   250        SH:  0    Dex: 10    Spells: 13/15 levels left

rFire   + + .      SeeInvis .     - Unarmed
rCold   . . .      Faith    .   (no shield)
rNeg    . . .      Spirit   .   w - +2 robe {rF+}
rPois   .          Reflect  .   r - +2 hat
rElec   .          Harm     .   (no cloak)
rCorr   .          Rampage  .   (no gloves)
Will    .....                   e - +0 pair of boots
Stlth   ++........              q - amulet of magic regeneration
HPRegen 0.21/turn               (no ring)
MPRegen 0.54/turn               (no ring)

@: no status effects
A: fangs 1, strong nose, distributed training
a: Renounce Religion, Fiery Armour, Foxfire Swarm, Rising Flame


You were on level 4 of the Dungeon.
You worshipped Ignis.
Ignis was extremely pleased with you.
You visited 1 branch of the dungeon, and saw 5 of its levels.

You collected 262 gold pieces.
You spent 12 gold pieces at shops.


Innate Abilities, Weirdness & Mutations

You have very sharp teeth.
Your uncanny sense of smell can sniff out nearby items.
Your experience applies equally to all skills.


   Skills:
 + Level 7.4 Fighting
 + Level 3.3 Short Blades
 + Level 3.3 Long Blades
 + Level 3.3 Axes
 + Level 3.3 Maces & Flails
 + Level 3.3 Polearms
 + Level 3.3 Staves
 + Level 3.3 Slings
 + Level 3.3 Bows
 + Level 3.3 Crossbows
 + Level 3.3 Throwing
 + Level 3.3 Armour
 + Level 3.3 Dodging
 + Level 3.3 Stealth
 + Level 3.3 Shields
 + Level 7.4 Unarmed Combat
 + Level 4.4 Spellcasting
 + Level 2.6 Conjurations
 + Level 2.6 Hexes
 + Level 2.6 Summonings
 + Level 2.6 Necromancy
 + Level 2.6 Translocations
 + Level 2.6 Transmutations
 + Level 6.1 Fire Magic
 + Level 2.6 Ice Magic
 + Level 2.6 Air Magic
 + Level 2.6 Earth Magic
 + Level 2.6 Poison Magic
 + Level 3.6 Invocations
 + Level 3.3 Evocations


You had 13 spell levels left.
You knew the following spells:

 Your Spells              Type           Power      Damage    Failure   Level
y - Scorch                Fire           36%        2d7       2%          2

Your spell library contained the following spells:

 Spells                   Type           Power      Damage    Failure   Level
 Portal Projectile        Hex/Tloc       18%        N/A       21%         3
 Summon Guardian Golem    Hex/Summ       9%         N/A       21%         3
 Blade Hands              Tmut           4%         N/A       88%         5
 Excruciating Wounds      Necr           4%         N/A       88%         5
 Orb of Destruction       Conj           4%         9d5       100%        7
 Spellforged Servitor     Conj/Summ      4%         N/A       100%        7

Inventory:

Hand Weapons
 u - a +3 scimitar
 v - a +3 battleaxe
Missiles
 a - 2 atropa-tipped darts
 j - 13 poisoned darts
 A - a throwing net {=f}
Armour
 e - a +0 pair of boots (worn)
 r - a +2 hat (worn)
 w - a +2 robe of fire resistance (worn)
Magical Staves
 m - a staff of conjuration {!a}
Jewellery
 q - an amulet of magic regeneration (around neck)
Scrolls
 c - a scroll of brand weapon {unknown}
 d - 3 scrolls of teleportation {unknown}
 g - a scroll of holy word {unknown}
 h - 2 scrolls of identify {unknown}
 k - 2 scrolls of fog {unknown}
 l - 2 scrolls of fear {unknown}
 n - a scroll of noise {unknown}
 o - 2 scrolls of enchant weapon {unknown}
 t - a scroll of immolation {unknown}
 x - a scroll of blinking {unknown}
 y - a scroll of magic mapping {unknown}
Potions
 b - 3 potions of magic
 f - a potion of degeneration {unknown}
 i - a potion of might {unknown}
 p - a potion of mutation {unknown}
 s - 2 potions of curing {unknown}
 z - a potion of lignification {!q}

Dungeon Overview and Level Annotations

Branches:
Dungeon (5/15)
 Temple: D:4-7

Altars:
Okawaru
Trog
The Shining One

Shops:
D:4 =*   D:5 *

Annotations:
D:4 Pikel

▒..'.....▒▒.▒▒.▒▒▒.▒.▒▒▒▒▒▒
...▒.....▒▒.▒▒.▒<.........▒
▒.▒▒.....▒▒.▒▒.▒.▒.▒▒▒▒▒.▒▒
......▒........▒.▒........▒
▒..▒..+........▒.▒.▒▒▒.▒..▒
▒..▒..▒........▒.▒.....▒..▒
▒..▒..▒........▒.▒▒▒▒▒▒▒..▒
▒..▒...▒▒▒▒.▒..▒.▒........▒
▒▒▒▒....▒ ▒.▒..▒g▒.▒▒▒▒▒▒.▒
........▒▒▒.▒..▒5▒........▒
.............[..K▒▒▒▒▒▒▒▒▒▒
▒▒▒▒▒....▒▒.............▒
▒▒▒▒.▒▒▒▒▒▒▒.▒▒▒▒▒▒.▒ ▒..▒
▒.▒ ▒.▒ ▒▒'▒▒▒▒▒▒.▒ ▒.▒
▒▒▒▒▒.......▒.▒ ▒.▒
▒...........▒.▒ ▒.▒


You could see Pikel (combustible) and a lemure (combustible).


Message History

* * * LOW HITPOINT WARNING * * *
Pikel hits you with a +1 whip of electrocution.
* * * LOW HITPOINT WARNING * * *
Flames lash Pikel.
Pikel is burned terribly!
Pikel is severely wounded.
The lemure closely misses you.
Pikel hits you with a +1 whip of electrocution.
* * * LOW HITPOINT WARNING * * *
Unknown command.
Flames lash Pikel but do no damage.
The lemure closely misses you. Pikel barely misses you.
Unknown command.
Flames lash Pikel.
Pikel is burned terribly!
Pikel is almost dead.
The lemure misses you.
Pikel cracks his whip.
Pikel hits you with a +1 whip of electrocution.
* * * LOW HITPOINT WARNING * * *
You don't have enough magic to cast this spell.
The lemure attacks as you move away! The lemure hits you!
* * * LOW HITPOINT WARNING * * *
You aren't carrying any items that you can evoke.
It was a potion of magic.
Magic courses through your body. The lemure hits you!
You die...

Action                   |  1- 3 |  4- 6 |  7- 9 || total
-------------------------+-------+-------+-------++-------
Melee: Unarmed           |    70 |   102 |    87 ||   259
       Bite              |     5 |    12 |    10 ||    27
       Punch             |     4 |     6 |     3 ||    13
 Cast: Scorch            |     3 |    24 |    73 ||   100
  Use: Potion            |       |       |     1 ||     1
 Stab: Sleeping          |     1 |     1 |     1 ||     3
Armor: Robe              |    16 |    23 |    25 ||    64
Dodge: Dodged            |    44 |    43 |    72 ||   159

Levels and vault maps discovered:
D:1:      lightli_arrival_lavapool, layout_basic, minmay_worlds_worst_comb
D:2:      layout_rooms, shapermc_ecumenical_altar_petra
D:3:      layout_loops_ring, mainiacjoe_overflow_small_starburst,
          minmay_ruptured, uniq_sigmund
D:4:      layout_basic, mainiacjoe_overflow_catwalk, trog_hazing_becter,
          serial_shops, shop, nicolae_shop_clearance, uniq_blork_the_orc,
          uniq_duvessa
D:5:      layout_loops_ring, nicolae_shop_overcharged_wands, uniq_grinder,
          uniq_edmund, uniq_pikel, uniq_crazy_yiuf_cottage, uniq_prince_ribbit1

Notes
Turn   | Place    | Note
-------+----------+-------------------------------------------
     0 | D:1      | sanka the Gnoll Cinder Acolyte began the quest for the Orb.
     0 | D:1      | Reached XP level 1. HP: 23/23 MP: 4/4
   173 | D:1      | Reached XP level 2. HP: 29/29 MP: 5/5
   179 | D:1      | Learned a level 2 spell: Scorch
   393 | D:1      | Reached XP level 3. HP: 34/35 MP: 7/7
   864 | D:1      | Reached skill level 1 in Invocations
  1039 | D:2      | Reached skill level 1 in Short Blades
  1039 | D:2      | Reached skill level 1 in Long Blades
  1039 | D:2      | Reached skill level 1 in Axes
  1039 | D:2      | Reached skill level 1 in Maces & Flails
  1039 | D:2      | Reached skill level 1 in Polearms
  1039 | D:2      | Reached skill level 1 in Staves
  1039 | D:2      | Reached skill level 1 in Slings
  1039 | D:2      | Reached skill level 1 in Bows
  1039 | D:2      | Reached skill level 1 in Crossbows
  1039 | D:2      | Reached skill level 1 in Throwing
  1039 | D:2      | Reached skill level 1 in Armour
  1039 | D:2      | Reached skill level 1 in Dodging
  1039 | D:2      | Reached skill level 1 in Stealth
  1039 | D:2      | Reached skill level 1 in Shields
  1039 | D:2      | Reached skill level 1 in Evocations
  1043 | D:2      | Reached XP level 4. HP: 26/41 MP: 1/8
  1275 | D:2      | Reached skill level 3 in Spellcasting
  1770 | D:2      | Found a faded altar of an unknown god.
  1804 | D:3      | Reached skill level 1 in Conjurations
  1804 | D:3      | Reached skill level 1 in Hexes
  1804 | D:3      | Reached skill level 1 in Summonings
  1804 | D:3      | Reached skill level 1 in Necromancy
  1804 | D:3      | Reached skill level 1 in Translocations
  1804 | D:3      | Reached skill level 1 in Transmutations
  1804 | D:3      | Reached skill level 1 in Ice Magic
  1804 | D:3      | Reached skill level 1 in Air Magic
  1804 | D:3      | Reached skill level 1 in Earth Magic
  1804 | D:3      | Reached skill level 1 in Poison Magic
  1979 | D:3      | Reached XP level 5. HP: 18/47 MP: 3/9
  2364 | D:3      | Found a glowing golden altar of the Shining One.
  2482 | D:3      | Noticed Sigmund
  2489 | D:3      | Killed Sigmund
  2490 | D:3      | Reached skill level 2 in Short Blades
  2490 | D:3      | Reached skill level 2 in Long Blades
  2490 | D:3      | Reached skill level 2 in Axes
  2490 | D:3      | Reached skill level 2 in Maces & Flails
  2490 | D:3      | Reached skill level 2 in Polearms
  2490 | D:3      | Reached skill level 2 in Staves
  2490 | D:3      | Reached skill level 2 in Slings
  2490 | D:3      | Reached skill level 2 in Bows
  2490 | D:3      | Reached skill level 2 in Crossbows
  2490 | D:3      | Reached skill level 2 in Throwing
  2490 | D:3      | Reached skill level 2 in Armour
  2490 | D:3      | Reached skill level 2 in Dodging
  2490 | D:3      | Reached skill level 2 in Stealth
  2490 | D:3      | Reached skill level 2 in Shields
  2490 | D:3      | Reached skill level 2 in Invocations
  2490 | D:3      | Reached skill level 2 in Evocations
  2490 | D:3      | Reached XP level 6. HP: 47/53 MP: 0/11
  2944 | D:3      | Reached XP level 7. HP: 16/59 MP: 3/12
  3240 | D:3      | Reached skill level 7 in Fighting
  3240 | D:3      | Reached skill level 7 in Unarmed Combat
  3598 | D:4      | Reached skill level 2 in Conjurations
  3598 | D:4      | Reached skill level 2 in Hexes
  3598 | D:4      | Reached skill level 2 in Summonings
  3598 | D:4      | Reached skill level 2 in Necromancy
  3598 | D:4      | Reached skill level 2 in Translocations
  3598 | D:4      | Reached skill level 2 in Transmutations
  3598 | D:4      | Reached skill level 2 in Ice Magic
  3598 | D:4      | Reached skill level 2 in Air Magic
  3598 | D:4      | Reached skill level 2 in Earth Magic
  3598 | D:4      | Reached skill level 2 in Poison Magic
  3629 | D:4      | Found Oracam's Jewellery Boutique.
  3710 | D:4      | Noticed Dowan
  3768 | D:4      | Noticed Duvessa
  3775 | D:4      | Noticed Blork the orc
  3778 | D:4      | Killed Duvessa
  3779 | D:4      | Reached skill level 3 in Invocations
  3814 | D:4      | Killed Blork the orc
  3815 | D:4      | Reached skill level 4 in Spellcasting
  4108 | D:4      | Reached skill level 6 in Fire Magic
  4108 | D:4      | Reached XP level 8. HP: 56/67 MP: 8/14
  4215 | D:4      | Found an iron altar of Okawaru.
  4230 | D:4      | Reached skill level 3 in Short Blades
  4230 | D:4      | Reached skill level 3 in Long Blades
  4230 | D:4      | Reached skill level 3 in Axes
  4230 | D:4      | Reached skill level 3 in Maces & Flails
  4230 | D:4      | Reached skill level 3 in Polearms
  4230 | D:4      | Reached skill level 3 in Staves
  4230 | D:4      | Reached skill level 3 in Slings
  4230 | D:4      | Reached skill level 3 in Bows
  4230 | D:4      | Reached skill level 3 in Crossbows
  4230 | D:4      | Reached skill level 3 in Throwing
  4230 | D:4      | Reached skill level 3 in Armour
  4230 | D:4      | Reached skill level 3 in Dodging
  4230 | D:4      | Reached skill level 3 in Stealth
  4230 | D:4      | Reached skill level 3 in Shields
  4230 | D:4      | Reached skill level 3 in Evocations
  4851 | D:4      | Found Xisis's CLEARANCE SALE!.
  4859 | D:4      | Bought a potion of lignification for 12 gold pieces
  4943 | D:4      | Found a bloodstained altar of Trog.
  5045 | D:4      | Killed Dowan
  5286 | D:5      | Entered Level 5 of the Dungeon
  5288 | D:5      | Found Oles's Overcharged Wands.
  5297 | D:5      | Noticed Pikel
  5488 | D:4      | HP: 1/67 [lemure[Pikel] (7)]
  5490 | D:4      | Slain by a lemure

Vanquished Creatures
  Sigmund (D:3)
  A water moccasin (D:4)
  Duvessa (D:4)
  A black bear (D:4)
  2 lemures (D:4)
  Blork the orc (D:4)
  4 wights (D:3)
  Dowan (D:4)
  2 howler monkeys (D:4)
  A hound (D:4)
  2 gnoll shamans
  An orc priest (D:4)
  12 gnolls
  6 adders
  A worm (D:4)
  2 dart slugs
  2 orcs (D:4)
  8 endoplasms
  10 giant cockroaches
  6 hobgoblins
  7 jackals
  11 kobolds
  3 quokkas
  6 ball pythons
  3 bats
  4 frilled lizards
  6 goblins
  6 rats
111 creatures vanquished.

Vanquished Creatures (others)
  A plant (D:2)
1 creature vanquished.

Grand Total: 112 creatures vanquished
